 Dungeon Crawl Stone Soup version 0.20.0-8-g6b59dc7 (webtiles) character file.

17788 stringdemon the Martial Artist (level 12, -17/56 HPs)
             Began as a Vine Stalker Transmuter on June 1, 2017.
             Was a Priest of Ashenzari.
             Hit by a large rock thrown by a stone giant (29 damage)
             ... on level 2 of the Orcish Mines.
             The game lasted 01:18:23 (12585 turns).

stringdemon the Martial Artist (VSTm)              Turns: 12585, Time: 01:18:24

Health: -17/56     AC: 20    Str: 15    XL:     12   Next: 51%
Magic:  0/37       EV: 16    Int: 17    God:    Ashenzari [***...]
Gold:   994        SH:  3    Dex: 14    Spells: 0/19 levels left

rFire    . . .     SeeInvis +     - Unarmed
rCold    . . .     Gourm    .   (shield currently unavailable)
rNeg     + . .     Faith    .   J - +8 ring mail of Fun and Games {rN+ MR+++ Str-2 Dex-5} (curse)
rPois    .         Spirit   +   n - +2 hat (curse)
rElec    .         Reflect  +   u - scarf {cloud immunity} (curse)
rCorr    .         Harm     .   (gloves currently unavailable)
MR       ++++.                  K - +2 pair of boots (curse)
Stlth    +.........             C - +3 amulet of reflection (curse)
Regen    1.0/turn               h - ring of magical power (curse)
MPRegen  0.3/turn               I - ring "Mutix" {MP+9 Str+3 Int+4 Slay+2} (curse)

@: about to teleport, blade hands
A: fangs 3, regeneration 2, magic shield, antimagic bite, no potion heal 3, rot
immunity
a: End Transformation, Curse Item, Scrying, Renounce Religion


You were on level 2 of the Orcish Mines.
You worshipped Ashenzari.
Ashenzari was most pleased with you.
You were hungry.
You had blades for hands.
You visited 3 branches of the dungeon, and saw 15 of its levels.

You collected 1281 gold pieces.
You spent 287 gold pieces at shops.

Inventory:

Missiles
 a - 132 arrows
Armour
 m - a cursed +0 pair of gloves (melded)
 n - a cursed +2 hat (worn)
 q - the +1 leather armour "Tazinu" {rElec rCorr}
   (You found it on level 5 of the Dungeon)

   It insulates you from electricity.
   It protects you from acid and corrosion.
 u - a cursed scarf of cloud immunity (worn)
 z - the +0 leather armour of Henotheism {rElec rF+}
   (You bought it in a shop on level 4 of the Dungeon)

   It protects you from fire.
   It insulates you from electricity.
 J - the cursed +8 ring mail of Fun and Games (worn) {rN+ MR+++ Str-2 Dex-5}
   (You found it on level 6 of the Dungeon)

   It affects your strength (-2).
   It affects your dexterity (-5).
   It protects you from negative energy.
   It affects your resistance to hostile enchantments.
   It has a curse placed upon it.
 K - a cursed +2 pair of boots (worn)
Jewellery
 h - a cursed ring of magical power (left scythe-like blade)
 j - an uncursed ring of protection from magic
 l - an uncursed ring of see invisible
 A - an uncursed amulet of faith
 C - a cursed +3 amulet of reflection (around neck)
 D - an uncursed ring of resist corrosion
 I - the cursed ring "Mutix" (right scythe-like blade) {MP+9 Str+3 Int+4 Slay+2}
   (You found it on level 6 of the Dungeon)

   [ring of magical power]

   It affects your strength (+3).
   It affects your intelligence (+4).
   It affects your accuracy and damage with ranged weapons and melee attacks
   (+2).
   It affects your magic capacity (+9).
   It has a curse placed upon it.
Wands
 E - a wand of digging (7/24)
 Z - a wand of digging (12/24)
Scrolls
 b - 2 scrolls of magic mapping
 i - 4 scrolls of remove curse
 w - 2 scrolls of enchant weapon
 x - 5 scrolls of teleportation
 y - a scroll of identify
 B - a scroll of recharging
 P - 3 scrolls of silence
 Q - 3 scrolls of fog {unknown}
 S - a scroll of blinking {unknown}
 V - a scroll of amnesia {unknown}
 W - a scroll of immolation {unknown}
Potions
 e - 4 potions of lignification
 f - 2 potions of flight {unknown}
 k - 3 potions of curing
 o - a potion of might {unknown}
 p - a potion of resistance {unknown}
 r - 2 potions of berserk rage
 s - a potion of invisibility {unknown}
 t - 3 potions of agility
 v - a potion of brilliance {unknown}
 L - a potion of haste {unknown}
 O - a potion of mutation {unknown}
 R - 2 potions of ambrosia {unknown}
 U - a potion of heal wounds {unknown}
 X - a potion of magic {unknown}
Books
 c - a book of Changes

   Spells                             Type                      Level
   a - Beastly Appendage              Transmutation                1
   b - Sticks to Snakes               Transmutation                2
   c - Spider Form                    Transmutation/Poison         3
   d - Ice Form                       Ice/Transmutation            4
   e - Blade Hands                    Transmutation                5
 N - a book of Cantrips

   Spells                             Type                      Level
   a - Confusing Touch                Hexes                        1
   b - Animate Skeleton               Necromancy                   1
   c - Summon Small Mammal            Summoning                    1
   d - Apportation                    Translocation                1
 T - a book of Enchantments

   Spells                             Type                      Level
   a - Cause Fear                     Hexes                        4
   b - Yara's Violent Unravelling     Hexes/Transmutation          5
   c - Silence                        Hexes/Air                    5
   d - Deflect Missiles               Charms/Air                   6
   e - Discord                        Hexes                        8
Comestibles
 d - 7 bread rations
 g - 2 meat rations
 F - 17 chunks of flesh
 G - 4 fruits
 H - a royal jelly


   Skills:
 + Level 3.4 Fighting
 + Level 5.1(8.0) Armour
 + Level 5.9(8.9) Dodging
 + Level 13.5 Unarmed Combat
 - Level 4.1 Spellcasting
 * Level 3.1(5.6) Hexes
 - Level 10.0(12.7) Transmutations
 - Level 2.1(4.3) Ice Magic
 - Level 1.0(2.6) Poison Magic


You couldn't memorise any spells.
You knew the following spells:

 Your Spells              Type           Power        Failure   Level  Hunger
a - Beastly Appendage     Tmut           #####.       8%          1    None
b - Sticks to Snakes      Tmut           #####...     9%          2    ##.....
c - Spider Form           Tmut/Pois      ####......   26%         3    ###....
d - Ice Form              Ice/Tmut       ####....     41%         4    ####...
e - Blade Hands           Tmut           #####.....   30%         5    ######.
f - Cause Fear            Hex            ###.......   69%         4    ####...


Dungeon Overview and Level Annotations

Branches:
Dungeon (12/15)            Temple (1/1) D:4            Lair (0/6) D:9
    Orc (2/2) D:12
    Elf: Orc:2

Altars:
Ashenzari
Cheibriados
Dithmenos
Elyvilon
Fedhas
Gozag
Hepliaklqana
Kikubaaqudgha
Makhleb
Nemelex Xobeh
Okawaru
Qazlal
Ru
Sif Muna
Trog
Uskayaw
Vehumet
Xom
Yredelemnul
Zin
The Shining One
Beogh

Shops:
D:4 (%[*   Orc:1 (


Innate Abilities, Weirdness & Mutations

You have razor-sharp teeth.
You heal very quickly.
When hurt, damage is shared between your health and your magic reserves.
Your bite disrupts and absorbs the magic of your enemies.
Potions cannot restore your health.
You are immune to rotting.


Message History

Your cursed +0 pair of gloves melds into your body.
You are feeling hungry.
The stone giant throws a large rock.
The large rock hits your adder!
Your adder dies!
Casting: Blade Hands
Confirm with . or Enter, or press ? or * to list all spells.
You create a snake!
You now have 132 arrows.
The stone giant throws a large rock.
The large rock barely misses your water moccasin.
The large rock hits you!!
* * * LOW HITPOINT WARNING * * *
As you read the scroll of teleportation, it crumbles to dust.
You feel strangely unstable.
The stone giant throws a large rock.
The large rock hits your water moccasin!!!
Your water moccasin dies!
The stone giant throws a large rock.
The large rock barely misses your adder.
The large rock hits you!!
Ouch! That really hurt!
You die...

.....##..........# { {#.##
.....#...........+ { #.#
............#....#########.#
..).......####.............#
##).).....###........#######
...........#........## *
..).<..............## * ,,,
, .....###.......S...# * ,*
* ..#.## #.......S@.## *,*
*, , ..#.# #.....(.(### *, ,
, ..### #....C#S## *, ** ..
,* *#.....###** , * ..
#$.....C. ,, , ..,
.$........ , ,+ .....##..C.
, , .....*##.... , , ....
,..... , *


You could see a stone giant, 2 friendly adders and a friendly ball python.

Vanquished Creatures
  A hydra (D:11)
  A two-headed ogre (Orc:2)
  4 skeletal warriors
  Pikel (D:8)
  A manticore (D:12)
  An orc sorcerer (Orc:2)
  2 ugly things (D:11)
  A cyclops (D:10)
  Maurice (D:10)
  A centaur zombie (D:10)
  A gargoyle (D:12)
  A komodo dragon (D:9)
  2 trolls
  3 hippogriffs
  A shadow (D:11)
  A water elemental (D:12)
  A wyvern (D:11)
  10 yaks
  A hungry ghost (D:11)
  A steam dragon (D:10)
  2 vampire mosquitoes (D:12)
  A warg (Orc:1)
  7 orc warriors
  3 ice beasts
  2 slaves (D:8)
  An eye of draining (D:10)
  A black bear (D:12)
  8 ogres
  A sky beast (D:6)
  3 phantoms
  4 centaurs
  4 big kobolds
  3 bullfrogs
  3 scorpions
  13 killer bees
  9 wights
  2 howler monkeys
  4 electric eels (D:12)
  4 crimson imps
  A quasit (D:8)
  4 jellies
  10 orc wizards
  6 orc priests
  4 hounds
  2 centaur skeletons
  10 iguanas
  2 bullfrog skeletons (D:4)
  12 worker ants
  A hound zombie (D:5)
  A worker ant zombie (D:10)
  Robin (D:3)
  3 gnolls (D:8)
  8 adders
  2 shadow imps
  2 oozes
  An adder skeleton (D:8)
  A worm (D:4)
  4 dart slugs
  9 leopard geckos
  53 orcs
  9 bats
  4 giant cockroaches
  10 hobgoblins
  15 jackals
  21 kobolds
  3 quokkas
  3 ball pythons
  A ball python skeleton (D:5)
  5 frilled lizards
  15 goblins
  A leopard gecko skeleton (D:4)
  A quokka skeleton (D:6)
  A quokka zombie (D:9)
  3 rats
340 creatures vanquished.

Vanquished Creatures (collateral kills)
  2 two-headed ogres
  A hippogriff (D:11)
  A water moccasin (D:9)
  An ogre (D:6)
  2 killer bees (D:8)
  An electric eel (D:12)
  A centaur zombie (D:6)
  An orc priest (D:8)
  A hound (D:8)
  A gnoll (D:8)
  5 orcs
  A giant cockroach zombie (D:5)
18 creatures vanquished.

Vanquished Creatures (others)
  4 orcs
  13 plants
17 creatures vanquished.

Grand Total: 375 creatures vanquished

Notes
Turn   | Place    | Note
-------+----------+-------------------------------------------
     0 | D:1      | stringdemon the Vine Stalker Transmuter began the quest for the Orb.
     0 | D:1      | Reached XP level 1. HP: 9/9 MP: 4/4
   178 | D:1      | Reached XP level 2. HP: 12/14 MP: 4/6
   339 | D:1      | Reached skill level 4 in Unarmed Combat
   349 | D:1      | Reached XP level 3. HP: 6/17 MP: 5/7
   871 | D:2      | Found an iron altar of Okawaru.
  1009 | D:2      | Found a glowing golden altar of the Shining One.
  1351 | D:2      | Found a snail-covered altar of Cheibriados.
  1368 | D:2      | Found a deep blue altar of Sif Muna.
  1370 | D:2      | Found a glowing silver altar of Zin.
  1373 | D:2      | Gained mutation: Your natural rate of healing is unusually fast. [Vine Stalker growth]
  1373 | D:2      | Reached XP level 4. HP: 21/21 MP: 8/8
  1423 | D:2      | Learned a level 3 spell: Spider Form
  1478 | D:3      | Noticed Robin
  1590 | D:1      | HP: 1/21 [poisoned by an adder]
  1792 | D:3      | Killed Robin
  1911 | D:3      | Learned a level 2 spell: Sticks to Snakes
  1936 | D:3      | Reached skill level 5 in Unarmed Combat
  1965 | D:3      | Reached skill level 1 in Fighting
  1977 | D:3      | Reached XP level 5. HP: 24/25 MP: 9/9
  2205 | D:3      | Reached skill level 1 in Armour
  2205 | D:3      | Reached skill level 1 in Poison Magic
  2280 | D:4      | Found Teinkim's Food Shoppe.
  2320 | D:4      | Found Imiyrip's Assorted Antiques.
  2343 | D:4      | Found Ytsiud's Antique Armour Boutique.
  2401 | D:4      | Bought a scorched leather armour for 175 gold pieces
  2411 | D:4      | Identified the +0 leather armour of Henotheism {rElec rF+} (You bought it in a shop on level 4 of the Dungeon)
  2448 | D:4      | Found Tubbagutoh's Antique Weapon Boutique.
  2500 | D:4      | Reached XP level 6. HP: 29/30 MP: 10/10
  2640 | D:4      | Found a shimmering altar of Xom.
  3107 | D:4      | Found a staircase to the Ecumenical Temple.
  3139 | Temple   | Entered the Ecumenical Temple
  3535 | D:4      | Reached XP level 7. HP: 35/35 MP: 11/11
  3648 | D:5      | Entered Level 5 of the Dungeon
  3676 | D:5      | Got a dazzling leather armour
  3687 | D:5      | Identified the +1 leather armour "Tazinu" {rElec rCorr} (You found it on level 5 of the Dungeon)
  3828 | D:5      | Reached skill level 5 in Transmutations
  4105 | D:5      | Gained mutation: You have razor-sharp teeth. [Vine Stalker growth]
  4105 | D:5      | Reached XP level 8. HP: 18/39 MP: 8/13
  4111 | D:5      | Learned a level 4 spell: Ice Form
  4358 | D:5      | Found a glowing golden altar of the Shining One.
  4599 | D:5      | Reached skill level 1 in Ice Magic
  4955 | D:6      | Got a scorched silver ring
  4957 | D:6      | Identified the ring "Mutix" {MP+9 Str+3 Int+4 Slay+2} (You found it on level 6 of the Dungeon)
  5044 | D:6      | Learned a level 5 spell: Blade Hands
  5146 | D:6      | Got an encrusted ring mail
  5621 | D:6      | Identified the +8 ring mail of Fun and Games {rN+ MR+++ Str-2 Dex-5} (You found it on level 6 of the Dungeon)
  5678 | D:7      | Noticed a hippogriff
  5689 | D:7      | Killed a hippogriff
  5689 | D:7      | Reached XP level 9. HP: 29/42 MP: 16/16
  5740 | D:7      | Found a shattered altar of Ashenzari.
  5784 | D:7      | Reached skill level 6 in Unarmed Combat
  6560 | D:7      | Became a worshipper of Ashenzari the Shackled
  6651 | D:4      | Bought a pair of boots for 112 gold pieces
  6896 | D:8      | Reached skill level 7 in Unarmed Combat
  7103 | D:8      | Noticed Pikel
  7146 | D:8      | Killed Pikel
  7146 | D:8      | Reached skill level 8 in Unarmed Combat
  7262 | D:8      | Reached XP level 10. HP: 32/47 MP: 17/17
  7700 | D:9      | Reached * piety under Ashenzari
  7715 | D:9      | Noticed a two-headed ogre
  7723 | D:9      | Killed a two-headed ogre
  7723 | D:9      | Reached skill level 9 in Unarmed Combat
  7784 | D:9      | Found a staircase to the Lair.
  7978 | D:9      | Found a shimmering altar of Xom.
  8369 | D:10     | Entered Level 10 of the Dungeon
  8369 | D:10     | Noticed a cyclops
  8378 | D:10     | Killed a cyclops
  8440 | D:10     | Noticed Maurice
  8449 | D:10     | Killed Maurice
  8588 | D:10     | Reached ** piety under Ashenzari
  8794 | D:10     | Reached skill level 10 in Unarmed Combat
  8983 | D:10     | Reached XP level 11. HP: 46/52 MP: 6/18
  9233 | D:10     | Reached skill level 11 in Unarmed Combat
  9441 | D:11     | Noticed a skeletal warrior
  9441 | D:11     | Noticed a skeletal warrior
  9441 | D:11     | Noticed a skeletal warrior
  9441 | D:11     | Noticed a skeletal warrior
  9453 | D:10     | Killed a skeletal warrior
  9457 | D:10     | Killed a skeletal warrior
  9554 | D:11     | Killed a skeletal warrior
  9558 | D:11     | Killed a skeletal warrior
  9791 | D:11     | Noticed a brown ugly thing
  9799 | D:11     | Killed a brown ugly thing
  9799 | D:11     | Reached skill level 12 in Unarmed Combat
  9813 | D:11     | Reached skill level 5 in Dodging
  9921 | D:11     | Noticed a two-headed ogre
  9927 | D:11     | Killed a two-headed ogre
 10134 | D:11     | Noticed an eight-headed hydra
 10148 | D:11     | Killed an eight-headed hydra
 10241 | D:11     | Noticed a cyan ugly thing
 10250 | D:11     | Killed a cyan ugly thing
 10250 | D:11     | Reached skill level 10 in Transmutations
 10497 | D:11     | Gained mutation: You heal very quickly. [Vine Stalker growth]
 10497 | D:11     | Reached XP level 12. HP: 56/56 MP: 19/19
 10549 | D:12     | Found a roughly hewn altar of Beogh.
 10549 | D:12     | Found a staircase to the Orcish Mines.
 10712 | D:11     | Learned a level 4 spell: Cause Fear
 10907 | D:12     | Reached *** piety under Ashenzari
 11177 | D:12     | Reached skill level 1 in Hexes
 11348 | D:12     | Reached skill level 13 in Unarmed Combat
 12006 | Orc:1    | Entered Level 1 of the Orcish Mines
 12011 | Orc:1    | Reached skill level 5 in Armour
 12299 | Orc:1    | Found a roughly hewn altar of Beogh.
 12378 | Orc:1    | Found Mirukigg's Antique Weapon Shoppe.
 12423 | Orc:2    | Entered Level 2 of the Orcish Mines
 12430 | Orc:2    | Noticed a two-headed ogre
 12442 | Orc:2    | Killed a two-headed ogre
 12522 | Orc:2    | Found a roughly hewn altar of Beogh.
 12576 | Orc:2    | Noticed a stone giant
 12585 | Orc:2    | Hit by a large rock thrown by a stone giant

Skill      XL: |  1  2  3  4  5  6  7  8  9 10 11 12 |
---------------+-------------------------------------+-----
Unarmed Combat | 4 5 8 10 12 13 | 13.5
Fighting       | 1 2 3 |  3.4
Dodging        | 2 3 4 5 |  5.9
Armour         | 1 2 3 4 5 |  5.1
Poison Magic   | 1 |  1.0
Transmutations | 4 6 7 8 9 10 | 10.0
Spellcasting   | 3 4 |  4.1
Ice Magic      | 2 |  2.1
Hexes          | 3 |  3.1

Action                   |  1- 3 |  4- 6 |  7- 9 | 10-12 || total
-------------------------+-------+-------+-------+-------++-------
Melee: Unarmed           |    88 |   201 |   325 |   423 ||  1037
       Bite              |    17 |    47 |    70 |    96 ||   230
       Headbutt          |     9 |    13 |    23 |    19 ||    64
       Kick              |     2 |    18 |    28 |       ||    48
       Punch             |       |     5 |     7 |    17 ||    29
 Cast: Beastly Appendage |    19 |    25 |    31 |    17 ||    92
       Spider Form       |       |     5 |    12 |     2 ||    19
       Sticks to Snakes  |       |     5 |     9 |    30 ||    44
       Blade Hands       |       |       |       |    30 ||    30
       Ice Form          |       |       |       |     1 ||     1
Invok: Curse Item        |       |       |     8 |       ||     8
       Scrying           |       |       |       |     1 ||     1
Evoke: Wand              |       |       |       |     2 ||     2
  Use: Scroll            |     2 |     1 |     6 |    10 ||    19
       Potion            |       |       |       |     1 ||     1
 Stab: Distracted        |       |       |       |     2 ||     2
  Eat: Chunk             |     2 |     8 |     6 |    12 ||    28
       Royal jelly       |       |     1 |       |       ||     1
       Meat ration       |       |       |     2 |     3 ||     5
Armor: Robe              |    21 |    30 |       |       ||    51
       Skin              |       |     4 |     3 |       ||     7
       Leather armour    |       |    20 |    25 |       ||    45
       Ring mail         |       |       |    20 |   134 ||   154
Dodge: Dodged            |    54 |   162 |   171 |   205 ||   592
Block: Other             |       |       |    17 |    32 ||    49
